 Dungeon Crawl Stone Soup version 0.26.1-2-gb8aa6d0cf2 (webtiles) character file.

Game seed: 12101260721477570099

9 Riddle the Ducker (level 2, -1/14 HPs)
             Began as a Felid Fighter on Mar 23, 2021.
             Slain by a leopard gecko (3 damage)
             ... on level 1 of the Dungeon.
             The game lasted 00:00:52 (570 turns).

Riddle the Ducker (Felid Fighter)                    Turns: 570, Time: 00:00:52

Health: -1/14      AC:  1    Str: 12    XL:     2   Next: 3%
Magic:  3/3        EV: 19    Int:  9    God:
Gold:   35         SH:  0    Dex: 15    Spells: 1/1 levels left
                                        Lives:  0   Deaths: 0

rFire    . . .     SeeInvis +     - Unarmed
rCold    . . .     Faith    .   (shield unavailable)
rNeg     . . .     Spirit   .   (armour unavailable)
rPois    .         Reflect  .   (helmet unavailable)
rElec    .         Harm     .   (cloak unavailable)
rCorr    .         Rampage  .   (gloves unavailable)
Will     .....                  (boots unavailable)
Stlth    ++........             (no amulet)
HPRegen  0.04/turn              (no ring)
MPRegen  0.08/turn              (no ring)

@: quick
A: very small, no armour, no weapons or thrown items, stealth, claws 1, fangs 3,
see invisible, speed 1, shaggy fur 1, sharp paws
a: no special abilities


You were on level 1 of the Dungeon.
You visited 1 branch of the dungeon, and saw 1 of its levels.

You collected 35 gold pieces.

Inventory:

Scrolls
 c - 3 scrolls of identify {unknown}
 d - a scroll of teleportation {unknown}
 e - a scroll of fear {unknown}
Potions
 a - a potion of might
 b - a potion of curing {unknown}


   Skills:
 * Level 3.2 Fighting
 + Level 4.1 Dodging
 * Level 1.1 Stealth
 * Level 4.1 Unarmed Combat


You had one spell level left.
You didn't know any spells.
Your spell library was empty.

Dungeon Overview and Level Annotations

Branches:
Dungeon (1/15)

Altars:


Innate Abilities, Weirdness & Mutations

You cannot wear armour.
You are incapable of wielding weapons or throwing items.
Your paws allow you to move quietly. (Stealth)
You have sharp claws.
You have razor-sharp teeth.
You have supernaturally acute eyesight. (SInv)
You cover ground quickly.
You are covered in fur. (AC +1)
Your sharp claws are effective at attacking unaware monsters.


Message History

You kill the goblin!
You have reached level 2!
You see here 9 gold pieces.
You closely miss the leopard gecko. The leopard gecko misses you.
You closely miss the leopard gecko. The leopard gecko barely misses you.
You see here 9 gold pieces.
You barely miss the leopard gecko. The leopard gecko misses you.
You miss the leopard gecko. Your bite misses the leopard gecko.
The leopard gecko completely misses you.
You barely miss the leopard gecko. You bite the leopard gecko.
The leopard gecko is heavily wounded.
The leopard gecko bites you.
* * * LOW HITPOINT WARNING * * *
You barely miss the leopard gecko.
The leopard gecko is heavily wounded.
The leopard gecko closely misses you.
You closely miss the leopard gecko.
The leopard gecko is heavily wounded.
The leopard gecko bites you.
You die...

#.....# #.###.## ###########.
#### #......#######............
...#######....#...##.........#.##
..................##.............
..................)..........!...
##.............................#.
.................................
...............#@l.......##......
.......................#....$.)..
..............###................
.................................
####.#....#...#..................
.....#....#.........##+#+#.......
####................. #.......
#..........#....... ........
#..........+ .......#.


You could see a leopard gecko.

Vanquished Creatures
  A ball python (D:1)
  A giant cockroach (D:1)
  A goblin (D:1)
  A hobgoblin (D:1)
  A bat (D:1)
  2 frilled lizards (D:1)
  2 rats (D:1)
9 creatures vanquished.

Notes
Turn   | Place    | Note
-------+----------+-------------------------------------------
     0 | D:1      | Riddle the Felid Fighter began the quest for the Orb.
     0 | D:1      | Reached XP level 1. HP: 10/10 MP: 2/2
   400 | D:1      | Reached skill level 1 in Stealth
   549 | D:1      | Reached XP level 2. HP: 4/14 MP: 3/3
   570 | D:1      | Slain by a leopard gecko

Illustrated notes

Levels and vault maps discovered:
D:1:      minmay_arrival_loop, layout_basic, st_stairs_13

Skill      XL: |  1 |
---------------+----+-----
Stealth        | 1 |  1.1
Fighting       | |  3.2
Dodging        | |  4.1
Unarmed Combat | |  4.1

Action                   || total
-------------------------++-------
Melee: Unarmed           ||    21
       Bite              ||     1
 Stab: Sleeping          ||     1
Dodge: Dodged            ||    15
